 Dungeon Crawl Stone Soup version 0.31-a0-246-g8cbcc1cb85 (webtiles) character file.

Game seed: 14951107475876547076

289 qw the Shooter (level 6, -4/52 HPs)
             Began as a Minotaur Hexslinger on July 12, 2023.
             Splashed by a jelly's acid (5 damage)
             ... on level 4 of the Dungeon.
             The game lasted 00:01:06 (3156 turns).

qw the Shooter (Minotaur Hexslinger)                Turns: 3156, Time: 00:01:07

Health: -4/52      AC: -9    Str: 20    XL:     6   Next: 9%
Magic:  6/6        EV: 13    Int: 10    God:
Gold:   198        SH:  0    Dex: 21    Spells: 6/7 levels left

rFire   + . .        Y - +3 sling
rCold   . . .        (no shield)
rNeg    . . .        c - +0 robe of Oruhih {Rampage rF+ Str+8}
rPois   .            (helmet restricted)
rElec   .            (no cloak)
rCorr   .            (no gloves)
SInv    .            (no boots)
Will    .....        d - amulet of the acrobat
Stlth   ++           j - +6 ring of dexterity
HPRegen 0.28/turn    (no ring)
MPRegen 0.10/turn

%: acrobat, rampage
@: about to teleport, corroded
A: horns 2, retaliatory headbutt
a: no special abilities


You were on level 4 of the Dungeon.
You visited 1 branch of the dungeon, and saw 5 of its levels.

You collected 198 gold pieces.


Innate Abilities, Weirdness & Mutations

You have a pair of horns on your head.
You reflexively headbutt those who attack you in melee.


   Skills:
 - Level 3.9 Fighting
 - Level 6.0 Ranged Weapons
 - Level 1.1 Armour
 + Level 2.2 Dodging
 - Level 1.0 Spellcasting
 - Level 2.0 Hexes


You had 6 spell levels left.
You knew the following spells:

 Your Spells              Type           Power      Damage    Failure   Level
a - Slow                  Hex            16%        N/A       16%         1

Your spell library contained the following spells:

 Spells                   Type           Power      Damage    Failure   Level
 Inner Flame              Hex/Fire       2%         N/A       56%         3
 Portal Projectile        Hex/Tloc       4%         N/A       56%         3
 Cause Fear               Hex            2%         N/A       83%         4

Inventory:

Hand Weapons
 Y - a +3 sling (weapon)
Armour
 c - the +0 robe of Oruhih (worn) {Rampage rF+ Str+8}
   (You found it on level 4 of the Dungeon)

   Str:       It affects your strength (+8).
   rF:        It protects you from fire.
   Rampage:   It bestows one free step when moving towards enemies.
 e - a +0 ring mail
Jewellery
 d - an amulet of the acrobat (around neck)
 j - a +6 ring of dexterity (left hand)
Wands
 m - a wand of digging (5)
Scrolls
 g - a scroll of teleportation
 k - a scroll of identify
Potions
 a - a potion of resistance
 f - a potion of ambrosia {unknown}
 h - 2 potions of heal wounds
 i - 3 potions of curing
 l - a potion of degeneration {unknown}

Dungeon Overview and Level Annotations

Branches:
Dungeon (5/15)
 Temple: D:4-7

Altars:
Elyvilon
Kikubaaqudgha

Shops:
D:1 *


Message History

The orc barely misses you.
You shoot a sling bullet. The sling bullet hits the orc.
The orc is heavily wounded.
The orc barely misses you.
You shoot a sling bullet. The sling bullet hits the orc.
You kill the orc!
The jelly hits you.
You are splashed with acid.
3150 ||| STAIRDANCE The jelly hits you.
You are splashed with acid!
You climb upwards.
There is a stone staircase leading down here.
Enter note:
Enter note:
Enter note:
Enter note:
Enter note:
Enter note:
Enter note:
Enter note:
Enter note:
Enter note:
Enter note:
Enter note: You shoot a sling bullet.
The sling bullet barely misses the jelly.
The jelly hits you.
You are splashed with acid!
You shoot a sling bullet. The sling bullet hits the jelly!
The jelly is heavily wounded.
The jelly hits you. The acid corrodes you!
You are splashed with acid!
You shoot a sling bullet.
The sling bullet completely misses the jelly.
The jelly misses you.
You shoot a sling bullet. The sling bullet hits the jelly.
The jelly is severely wounded.
The jelly hits you. The acid corrodes you!
You are splashed with acid!
3156 ||| READING 2 scrolls of teleportation.
As you read the scroll of teleportation, it crumbles to dust.
You feel strangely unstable. The jelly hits you. The acid corrodes you!
You are splashed with acid.
You die...

#.# #####.#####.......... ##'##
#......# #.##.##..## ##...##
#.##.#.# #.##.##..# ##.....##
#.##.#.# #.##.....# ##.......##
#.[#.#.# #.##.##.###
#.........####......###.##.......
'........%'......................
#.........####.J.#..##.###.#...##
##.......## #..@.).##.##......#
##.....## ##.###.###.##.##.#.#
##...## ##.#......#..#.##.#.#
##'## ##.###.#.......).#.#.# #.#
#.## ##..###'###.>...## #.#
##.###.#.# #.# #.......
###.#######.#.##.###.###.......
#.........##.....'.._..'.......
#.....###.##.###.#######.......


You could see a jelly.

Vanquished Creatures
  A scorpion (D:4)
  A hound (D:4)
  2 orc wizards (D:5)
  A gnoll (D:1)
  6 adders
  An ufetubus (D:3)
  A worm (D:2)
  A dart slug (D:3)
  4 orcs (D:5)
  5 ball pythons
  8 endoplasms
  2 giant cockroaches
  7 hobgoblins
  3 jackals (D:1)
  9 kobolds
  3 quokkas
  4 bats
  2 frilled lizards
  4 goblins
  8 rats
73 creatures vanquished.

Notes
Turn   | Place    | Note
-------+----------+-------------------------------------------
     0 | D:1      | qw the Minotaur Hexslinger began the quest for the Orb.
     0 | D:1      | Reached XP level 1. HP: 16/16 MP: 1/1
     0 | D:1      | 0 ||| qw: Version: 0.3-a-52-g30416fa
     0 | D:1      | 0 ||| qw: Game counter: 6225
     0 | D:1      | 0 ||| qw: Melee chars always use a shield: true
     0 | D:1      | 0 ||| qw: God list: Okawaru
     0 | D:1      | 0 ||| qw: Allow faded altars: false
     0 | D:1      | 0 ||| qw: Do Orc after clearing Dungeon:15 true
     0 | D:1      | 0 ||| qw: Do second Lair branch before Depths: true
     0 | D:1      | 0 ||| qw: Lair rune preference: random
     0 | D:1      | 0 ||| qw: Goals: Normal
     0 | D:1      | 0 ||| PLANNING D:1-11
   100 | D:1      | Reached skill level 3 in Ranged Weapons
   102 | D:1      | Reached XP level 2. HP: 20/23 MP: 2/2
   359 | D:1      | Reached XP level 3. HP: 30/30 MP: 3/3
   459 | D:1      | Found Vufiomor's Assorted Antiques.
   466 | D:1      | 466 ||| SHOPLISTING fizzy ruby potion (16 gold, have 0).
   466 | D:1      | 466 ||| SHOPLISTING glowing scarf (144 gold, have 0).
   466 | D:1      | 466 ||| SHOPLISTING runed robe (66 gold, have 0).
   466 | D:1      | 466 ||| SHOPLISTING scroll labelled BOMON QOEFENINTOBB (18
                  | gold, have 0).
   466 | D:1      | 466 ||| SHOPLISTING scroll labelled DEOCWU OHYURCHO (18
                  | gold, have 0).
   466 | D:1      | 466 ||| SHOPLISTING scroll labelled POLIME MUFEME (18 gold,
                  | have 0).
   821 | D:1      | 821 ||| DROPPING amulet of magic regeneration.
   822 | D:1      | 822 ||| UPGRADING to +6 ring of dexterity.
   823 | D:1      | 823 ||| READING scroll labelled BOMON QOEFENINTOBB.
   824 | D:1      | 824 ||| READING scroll labelled VAAROGRAFFI.
   825 | D:1      | 825 ||| READING scroll labelled DEOCWU OHYURCHO.
   826 | D:1      | 826 ||| READING 2 scrolls labelled SERIKE SOPSEU.
   830 | D:1      | 830 ||| READING scroll labelled XEKHAM KEIKHA.
   831 | D:1      | 831 ||| DRINKING 2 sedimented grey potions.
   832 | D:1      | 832 ||| DROPPING scroll of poison.
  1003 | D:2      | Reached skill level 4 in Ranged Weapons
  1102 | D:2      | 1102 ||| FLEEEEING.
  1104 | D:2      | 1104 ||| FLEEEEING.
  1105 | D:2      | 1105 ||| FLEEEEING.
  1111 | D:2      | 1111 ||| FLEEEEING.
  1112 | D:2      | 1112 ||| FLEEEEING.
  1121 | D:2      | Reached XP level 4. HP: 36/37 MP: 4/4
  1222 | D:2      | Found a faded altar of an unknown god.
  1521 | D:2      | 1521 ||| UPGRADING to +0 ring mail.
  1531 | D:2      | 1531 ||| DROPPING +0 robe.
  1532 | D:2      | 1532 ||| DROPPING ring of wizardry.
  1533 | D:2      | 1533 ||| READING scroll labelled JILUOXTONUM.
  1688 | D:3      | Reached skill level 1 in Armour
  1859 | D:3      | 1859 ||| READING scroll of enchant weapon.
  1859 | D:3      | 1859 ||| ENCHANTING +2 sling.
  2124 | D:3      | 2124 ||| UPGRADING to amulet of the acrobat.
  2129 | D:3      | 2129 ||| READING scroll labelled DODDIU EQOXTISU.
  2130 | D:3      | 2130 ||| READING scroll labelled POLIME MUFEME.
  2131 | D:3      | 2131 ||| DRINKING 2 cyan potions.
  2340 | D:4      | Found a white marble altar of Elyvilon.
  2460 | D:4      | Reached skill level 5 in Ranged Weapons
  2683 | D:4      | Noticed a scorpion
  2691 | D:4      | Killed a scorpion
  2692 | D:4      | Reached skill level 3 in Fighting
  2692 | D:4      | Reached XP level 5. HP: 34/46 MP: 5/5
  2781 | D:4      | Identified the +0 robe of Oruhih {Rampage rF+ Str+8}
  2792 | D:4      | Found an ancient bone altar of Kikubaaqudgha.
  3094 | D:4      | 3094 ||| UPGRADING to +0 robe of Oruhih {Rampage rF+
                  | Str+8}.
  3104 | D:4      | 3104 ||| READING 3 scrolls of identify.
  3104 | D:4      | 3104 ||| IDENTIFYING grey potion
  3105 | D:4      | 3105 ||| READING 2 scrolls of identify.
  3105 | D:4      | 3105 ||| IDENTIFYING fuming orange potion
  3106 | D:4      | 3106 ||| DROPPING potion of magic.
  3135 | D:5      | Entered Level 5 of the Dungeon
  3144 | D:5      | Reached skill level 6 in Ranged Weapons
  3144 | D:5      | Reached XP level 6. HP: 52/52 MP: 6/6
  3150 | D:5      | 3150 ||| STAIRDANCE
  3155 | D:4      | HP: 13/52 [jelly (3)]
  3155 | D:4      | HP: 3/52 [acid (10)]
  3156 | D:4      | 3156 ||| READING 2 scrolls of teleportation.
  3156 | D:4      | HP: 1/52 [jelly (2)]
  3156 | D:4      | Splashed by a jelly's acid

Levels and vault maps discovered:
D:1:      shiori_arrival_maze, layout_loops_ring, serial_shops,
          nicolae_shop_tiny_statue_garden
D:2:      layout_loops_ring, shapermc_ecumenical_altar_flowoftime
D:3:      layout_loops_cross, dk_noncrumbling_3
D:4:      layout_loops_corners, lemuel_doored_altar,
          mainiacjoe_overflow_24_doors
D:5:      layout_basic

Skill      XL: |  1  2  3  4  5 |
---------------+----------------+-----
Ranged Weapons | 3 4 5 6 |  6.0
Fighting       | 2 3 |  3.9
Armour         | 1 |  1.1
Dodging        | |  2.2
Spellcasting   | |  1.0
Hexes          | |  2.0

Action                     |  1- 3 |  4- 6 || total
---------------------------+-------+-------++-------
   Fire: Sling             |   119 |    97 ||   216
    Use: Scroll            |     5 |     7 ||    12
         Potion            |     1 |     1 ||     2
 Armour: Robe              |     4 |       ||     4
         Ring mail         |       |     8 ||     8
  Dodge: Dodged            |    32 |    21 ||    53

Table legend:
 A = Non-vault XP
 B = Vault XP
 C = Vault XP percentage of total XP
 D = Non-vault monster count
 E = Vault monster count
 F = Vault count percentage of total count
                 A         B        C        D         E       F
            +---------+---------+-------+---------+---------+-------
      Total |     410 |       4 |   1.0 |      71 |       2 |   2.7
            +---------+---------+-------+---------+---------+-------
        D:1 |      55 |       4 |   6.8 |      27 |       2 |   6.9
        D:2 |      55 |       0 |   0.0 |      16 |       0 |   0.0
        D:3 |      34 |       0 |   0.0 |       8 |       0 |   0.0
        D:4 |     186 |       0 |   0.0 |      14 |       0 |   0.0
        D:5 |      80 |       0 |   0.0 |       6 |       0 |   0.0
            +---------+---------+-------+---------+---------+-------
